 Dungeon Crawl Stone Soup version 0.29-a0-919-gd064cfad1c (webtiles) character file.

Game seed: 8779971166721485764

1776372 greasedhog the Gargoyle Catastrophe (level 27, 157/177 HPs)
             Began as a Gargoyle Monk on July 26, 2022.
             Was an Elder of Qazlal.
             Escaped with the Orb
             ... and 3 runes on July 27, 2022!
             The game lasted 03:01:58 (60965 turns).

greasedhog the Gargoyle Catastrophe (GrMo)         Turns: 60965, Time: 03:01:59

Health: 157/177    AC: 63    Str: 23 (24) XL:     27
Magic:  40/40      EV: 16    Int: 14      God:    Qazlal [****..]
Gold:   5515       SH: 26    Dex: 15      Spells: 23/26 levels left

rFire   + . .      SeeInvis +   v - +9 demon whip (vamp)
rCold   . . .      Faith    .   u - +5 kite shield {AC+3}
rNeg    + . .      Spirit   .   J - +9 plate armour {rF+}
rPois   ∞          Reflect  .   (helmet restricted)
rElec   +          Harm     .   R - +2 cloak
rCorr   .          Rampage  .   w - +2 pair of gloves {Dex+3}
Will    ++...      Clarity  +   A - +2 pair of boots {Stlth+}
Stlth   ..........              Z - amulet of regeneration
HPRegen 0.00/turn               X - ring of the Octopus King {HP+2 AC+2 EV+2 SH+2 SInv}
MPRegen 0.27/turn               U - +4 ring of slaying

@: flying, inhibited regen, repel missiles
A: sickness immunity, AC +20, big wings, negative energy resistance 1,
electricity resistance, torment resistance 1, petrification resistance, horns 1,
clarity, deformed body, deterioration 1, frail 1, screaming 1, inhibited
regeneration, weak 1, no potion heal 1, subdued magic 1, inability to read while
threatened 1
0: Orb of Zot
}: 3/15 runes: serpentine, barnacled, silver
a: Renounce Religion, Upheaval, Elemental Force


You escaped.
You worshipped Qazlal.
Qazlal was greatly pleased with you.
You visited 9 branches of the dungeon, and saw 45 of its levels.

You collected 9129 gold pieces.
You spent 3614 gold pieces at shops.

Inventory:

Hand Weapons
 a - the +8 whip "Snakebite" {venom, curare, rPois}
   (You took it off Amaemon on level 11 of the Dungeon)

   It poisons the flesh of those it strikes.
   It occasionally inflicts asphyxiating poison on those it strikes, dealing
   poison damage and causing slowness.
   rPois:     It protects you from poison.
 b - a +2 morningstar of holy wrath
 v - a +9 vampiric demon whip (weapon)
Missiles
 j - 4 throwing nets (quivered)
Armour
 n - the +2 helmet of the Storm King {rElec rF+}
   (You bought it in a shop on level 2 of the Orcish Mines)

   rF:        It protects you from fire.
   rElec:     It insulates you from electricity.
 u - a +5 kite shield of protection (worn)
 w - a +2 pair of gloves of dexterity (worn)
 A - a +2 pair of boots of stealth (worn)
 J - a +9 plate armour of fire resistance (worn)
 R - a +2 cloak (worn)
Jewellery
 K - a ring of protection from fire
 L - a ring of willpower
 U - a +4 ring of slaying (right hand)
 X - a ring of the Octopus King (left hand) {HP+2 AC+2 EV+2 SH+2 SInv}
   (You found it on level 3 of the Depths)

   [ring of see invisible]

   AC:        It affects your AC (+2).
   EV:        It affects your evasion (+2).
   HP:        It affects your health (+2).
   SInv:      It lets you see invisible.
   SH:        It affects your SH (+2).
 Z - an amulet of regeneration (around neck)
Wands
 e - a wand of paralysis (18)
 k - a wand of roots (34)
 z - a wand of flame (94)
 N - a wand of polymorph (7)
 Q - a wand of mindburst (30)
 S - a wand of digging (18)
 T - a wand of quicksilver (12)
Scrolls
 d - 2 scrolls of silence
 g - 4 scrolls of blinking
 l - 13 scrolls of vulnerability
 o - 9 scrolls of immolation
 q - 4 scrolls of brand weapon
 s - 5 scrolls of summoning
 t - 6 scrolls of enchant weapon
 y - 9 scrolls of fog
 C - 5 scrolls of fear
 G - 27 scrolls of teleportation
 H - 3 scrolls of magic mapping
 M - 14 scrolls of amnesia
 W - 8 scrolls of poison
Potions
 c - 6 potions of ambrosia
 f - 22 potions of curing
 i - 4 potions of heal wounds
 m - 10 potions of lignification
 p - 5 potions of berserk rage
 B - 2 potions of invisibility
 D - 11 potions of brilliance
 E - 5 potions of magic
 F - 4 potions of might
 O - 2 potions of haste
 V - 2 potions of resistance
 Y - 5 potions of cancellation
Miscellaneous
 h - a lightning rod (4/4)
 P - a box of beasts


   Skills:
 * Level 25.8 Fighting
 - Level 12.0 Maces & Flails
 * Level 24.8 Armour
 - Level 15.0 Dodging
 - Level 2.1 Stealth
 - Level 15.2 Shields
 O Level 27 Invocations
 - Level 10.0 Evocations


You had 23 spell levels left.
You knew the following spells:

 Your Spells              Type           Power      Damage    Failure   Level
a - Apportation           Tloc           0%         N/A       89%         1
b - Wereblood             Tmut           0%         N/A       96%         2

Your spell library contained the following spells:

 Spells                   Type           Power      Damage    Failure   Level
 Magic Dart               Conj           0%         1d3       89%         1
 Necrotise                Necr           0%         1d4       89%         1
 Slow                     Hex            0%         N/A       89%         1
 Sting                    Tmut/Pois      0%         1d3       89%         1
 Summon Small Mammal      Summ           0%         N/A       89%         1
 Blink                    Tloc           0%         N/A       96%         2
 Poisonous Vapours        Pois/Air       0%         N/A       96%         2
 Scorch                   Fire           0%         2d5       96%         2
 Searing Ray              Conj           0%         2d4       96%         2
 Static Discharge         Conj/Air       0%         3-3/arc   96%         2
 Call Canine Familiar     Summ           0%         N/A       99%         3
 Confusing Touch          Hex            0%         N/A       99%         3
 Conjure Flame            Conj/Fire      0%         6-21      99%         3
 Dazzling Flash           Conj/Hex       0%         N/A       99%         3
 Frozen Ramparts          Ice            0%         1d2       99%         3
 Ignite Poison            Fire/Tmut/Pois 0%         N/A       99%         3
 Mephitic Cloud           Conj/Pois/Air  0%         N/A       99%         3
 Portal Projectile        Hex/Tloc       0%         N/A       99%         3
 Stone Arrow              Conj/Erth      0%         3d7       99%         3
 Summon Guardian Golem    Hex/Summ       0%         N/A       99%         3
 Tukima's Dance           Hex            0%         N/A       99%         3
 Vampiric Draining        Necr           0%         2d6       99%         3
 Airstrike                Air            0%         0-1+      100%        4
 Animate Armour           Summ/Erth      0%         N/A       100%        4
 Cause Fear               Hex            0%         N/A       100%        4
 Corpse Rot               Necr/Pois/Air  0%         N/A       100%        4
 Dispel Undead            Necr           0%         3d6       100%        4
 Flame Wave               Conj/Fire      0%         2d4       100%        4
 Fulminant Prism          Conj/Hex       0%         3d6       100%        4
 Hailstorm                Conj/Ice       0%         3d3       100%        4
 Ice Form                 Ice/Tmut       0%         N/A       100%        4
 Iskenderun's Mystic Bla  Conj/Tloc      0%         2d3       100%        4
 Leda's Liquefaction      Hex/Erth       0%         N/A       100%        4
 Olgreb's Toxic Radiance  Pois           0%         N/A       100%        4
 Petrify                  Tmut/Erth      0%         N/A       100%        4
 Sticky Flame             Conj/Fire      0%         2d3       100%        4
 Summon Ice Beast         Ice/Summ       0%         N/A       100%        4
 Summon Lightning Spire   Summ/Air       0%         N/A       100%        4
 Agony                    Necr           0%         N/A       100%        5
 Alistair's Intoxication  Tmut/Pois      0%         N/A       100%        5
 Blade Hands              Tmut           0%         N/A       100%        5
 Fireball                 Conj/Fire      0%         3d3       100%        5
 Irradiate                Conj/Tmut      0%         3d11      100%        5
 Lightning Bolt           Conj/Air       0%         1d11      100%        5
 Manifold Assault         Tloc           0%         N/A       100%        5
 Metabolic Englaciation   Hex/Ice        0%         N/A       100%        5
 Silence                  Hex/Air        0%         N/A       100%        5
 Death Channel            Necr           0%         N/A       100%        6
 Simulacrum               Ice/Necr       0%         N/A       100%        6
 Starburst                Conj/Fire      0%         6d3       100%        6
 Summon Cactus Giant      Summ           0%         N/A       100%        6
 Dragon Form              Tmut           0%         N/A       100%        7
 Malign Gateway           Summ/Tloc      0%         N/A       100%        7
 Storm Form               Tmut/Air       0%         N/A       100%        7
 Summon Hydra             Summ           0%         N/A       100%        7
 Discord                  Hex            0%         N/A       100%        8
 Ignition                 Fire           0%         3d3       100%        8
 Lehudib's Crystal Spear  Conj/Erth      0%         10d2      100%        8
 Maxwell's Capacitive Co  Air            0%         ∞         100%        8
 Summon Horrible Things   Summ           0%         N/A       100%        8
 Dragon's Call            Summ           0%         N/A       100%        9
 Sublimation of Blood     Necr           Unusable   N/A       N/A         2
 Statue Form              Tmut/Erth      Unusable   N/A       N/A         6

Dungeon Overview and Level Annotations

Branches:
Dungeon (15/15)            Temple (1/1) D:7            Lair (5/5) D:10
 Shoals (4/4) Lair:2        Snake (4/4) Lair:2        Slime (0/5) Lair:5
    Orc (2/2) D:12            Elf (0/3) Orc:2        Vaults (5/5) D:14
  Crypt (0/3) Vaults:3     Depths (4/4) D:15            Zot (5/5) Depths:4

Altars:
Ashenzari
Elyvilon
Fedhas
Gozag
Hepliaklqana
Nemelex Xobeh
Qazlal
Ru
Vehumet
Wu Jian
Yredelemnul
Zin
The Shining One
Jiyva

Shops:
D:7 *   Orc:1 *   Orc:2 (([[   Shoals:2 *   Snake:1 ((=   Snake:2 *   Snake:4 =
Vaults:2 ?   Vaults:4 [

Portals:
Hell: Depths:1 Depths:2 Depths:3 Depths:4
Abyss: Depths:1 Depths:3 Depths:4
Pandemonium: Depths:2
Ziggurat: Depths:4

Annotations:
Shoals:1 2 transporters, exclusion: orange crystal statue
Depths:2 Parghit


Innate Abilities, Weirdness & Mutations

You are immune to sickness and miasma.
Your stone body is resilient. (AC +20)
You are immune to poison.
Your large and strong wings let you fly.
You resist negative energy. (rN+)
You are resistant to electric shocks. (rElec)
You are resistant to unholy torment.
You are immune to petrification.
You have a pair of small horns on your head.
You possess an exceptional clarity of mind.
Armour fits poorly on your strangely shaped body.
Your body sometimes deteriorates upon taking damage.
You are frail. (-10% HP)
You occasionally shout uncontrollably at your foes.
You do not regenerate when monsters are visible.
You are weak. (Str -2)
Potions are less effective at restoring your health.
Your spells are a little easier to cast, but a little less powerful.
You occasionally lose the ability to read scrolls when taking damage.


Message History

You fly upwards.
There is a stone staircase leading down here.
A smoke demon comes into view.
You feel a little less mighty now.
Your magic seems less tainted.
The smoke demon gestures at you. Something smites you!
The smoke demon gestures at you.
The ball of steam hits you but does no damage.
The smoke demon gestures at you. Something smites you!
The smoke demon gestures at you.
The ball of steam hits you but does no damage.
The smoke demon gestures at you. Something smites you!
There is a stone staircase leading up here.
You fly upwards.
There is a stone staircase leading down here.
Ekuxtal comes into view.
As you open the door, it creaks loudly!
There is an open door here.
You hear a shout!
Ekuxtal gestures at you.
A small abomination comes into view.
Ekuxtal is engulfed in freezing vapours.
Aiming: Dig
Press: ? - help, Shift-Dir - straight line This square is covered in magical glow.
The rock shatters into small pieces.
You hear a screech!
There is a fountain of clear blue water here.
The small abomination attacks as you move away!
You block the small abomination's attack. x2
You block the small abomination's attack.
There is a staircase leading out of the dungeon here.
The small abomination closely misses you.
You block the small abomination's attack.
The small abomination barely misses you.
You block the small abomination's attack. x2
You have escaped!

.......#######.####.......#
.......# #.# #.......# .......#
#.# #.......# .......# #.#
#.......#
.......#######.######.#####
......................##########
............#########.........>#
##.##########.○○..°.########.###
#.# ######..&x@....#######.#
#.####...................##.#
#.......⌠....##+##....⌠...#.#
#.#.#........#...#........#.#
#.#.#........+8.8'........#.#
#...###########'###########.#
###..##......................#
......#.######################
###.....#


You could see Ekuxtal and a small abomination.

Vanquished Creatures
  3 dread liches
  4 ancient liches (Zot:5)
  7 orbs of fire
  Mara (Vaults:2)
  2 Killer Klowns (Zot:5)
  Frederick (Depths:3)
  Saint Roka (Orc:2)
  A curse toe (Zot:4)
  15 golden dragons
  A bone dragon (Zot:3)
  Jory (Vaults:4)
  3 electric golems
  A doom hound (Zot:3)
  A Tzitzimitl (Zot:2)
  A Brimstone Fiend (D:13)
  22 tentacled monstrosities
  Rupert (Lair:3)
  A walking crystal tome (Depths:3)
  3 quicksilver dragons
  2 liches
  Asterion (Vaults:2)
  26 Orb Guardians
  Grunn (Zot:3)
  5 titans
  6 death cobs
  Gastronok (D:11)
  6 sphinxes
  An Executioner (D:4)
  15 shadow dragons
  Donald (Shoals:3)
  9 draconian monks
  13 tengu reavers
  13 storm dragons
  Polyphemus (Shoals:2)
  13 nagarajas (Snake:4)
  46 slime creatures
  13 fire giants
  18 draconian scorchers
  Ilsuiw (Shoals:3)
  5 draconian knights
  A fenstrider witch (Shoals:2)
  2 balrugs
  11 vault wardens
  15 frost giants
  A cacodemon (D:4)
  2 deep elf sorcerers (Vaults:5)
  Aizul (Vaults:4)
  13 ironbound preservers
  2 iron dragons
  5 draconian shifters
  Louise (Depths:1)
  3 ghost moths (Zot:3)
  10 draconian annihilators
  A war gargoyle (Vaults:5)
  11 ironbound thunderhulks
  31 very ugly things
  15 stone giants
  7 draconian stormcallers
  2 vampire knights (Vaults:3)
  8 green draconians
  4 grey draconians
  14 red draconians
  23 purple draconians
  A lorocyproca (Zot:1)
  7 black draconians
  An entropy weaver (Vaults:1)
  26 dire elephants
  A putrid mouth (Zot:3)
  10 yellow draconians
  6 spark wasps
  11 white draconians
  A green death (Depths:2)
  6 merfolk javelineers
  16 ettins
  6 fire dragons
  2 deep elf death magi (Vaults:5)
  Josephine (Shoals:1)
  12 yaktaur captains
  Fannar (Lair:2)
  3 rakshasas
  Erolcha (D:13)
  7 deep elf high priests (Vaults:5)
  A salamander tyrant (Snake:4)
  7 merfolk impalers
  28 vault guards
  4 boulder beetles
  6 hydras
  3 hell beasts
  12 great orbs of eyes
  5 catoblepae
  An ogre mage (D:14)
  5 spriggan air magi
  2 alligator snapping turtles (Shoals:3)
  6 ice dragons
  18 naga warriors
  6 anacondas
  5 merfolk avatars
  9 two-headed ogres
  2 centaur warriors (D:13)
  A satyr (Shoals:4)
  10 ironbound frosthearts
  3 merfolk aquamancers
  8 deep troll earth magi
  9 deep troll shamans
  9 tengu warriors
  7 hell hogs
  2 alligators (Vaults:1)
  19 death yaks
  An orc high priest (Orc:2)
  12 naga sharpshooters
  6 shock serpents
  10 hell knights
  2 titan zombies (Depths:2)
  7 soul eaters
  3 spriggan berserkers
  8 iron trolls
  Nergalle (D:12)
  6 salamander mystics
  7 sun demons
  Amaemon (D:11)
  2 sixfirhies
  Lodul (D:13)
  A death drake (shapeshifter) (Vaults:5)
  11 sea snakes
  55 deep trolls
  Pikel (D:4)
  A flayed ghost (Vaults:5)
  8 wizards
  4 glowing orange brains
  6 naga ritualists
  A deep elf archer (Vaults:5)
  A lindwurm (shapeshifter) (Depths:3)
  4 orc knights
  2 sphinx zombies
  5 phantasmal warriors
  25 ironbound convokers
  4 deep elf pyromancers
  15 harpies
  4 lindwurms
  3 deep elf zephyrmancers
  8 necromancers
  A fire giant zombie (Vaults:1)
  43 ugly things
  20 salamanders
  4 mana vipers
  2 orc sorcerers
  11 fauns
  9 manticores
  7 merfolk sirens
  4 oklob plants
  Maurice (Orc:1)
  31 moths of wrath
  4 guardian serpents
  A moth of wrath (shapeshifter) (Vaults:5)
  8 water nymphs
  16 naga magi
  A fire giant skeleton (Vaults:3)
  6 centaur zombies
  46 black mambas
  6 smoke demons
  20 vault sentinels
  17 elephants
  2 orange demons
  A torpor snail (Lair:5)
  A rust devil (Depths:2)
  An elf zombie (Vaults:1)
  6 centaur skeletons (D:8)
  Maggie (D:6)
  An unseen horror (D:9)
  2 gargoyles
  2 kobold demonologists (D:10)
  2 hellions
  A yaktaur (shapeshifter) (D:13)
  5 rime drakes
  34 yaktaurs
  11 cane toads
  6 komodo dragons
  2 tormentors
  A freezing wraith (Vaults:5)
  An ice devil (Depths:2)
  2 tengu conjurers
  A guardian mummy (Zot:3)
  2 hellwings
  2 trolls
  A human zombie (Vaults:3)
  2 red devils
  12 merfolk
  3 meliai (D:15)
  Prince Ribbit (D:8)
  A hornet (D:10)
  10 wind drakes
  Grinder (D:5)
  8 blink frogs
  A human simulacrum (Vaults:3)
  A slime creature (shapeshifter) (Depths:4)
  An iron dragon simulacrum (Depths:2)
  8 snapping turtles
  A fire giant simulacrum (Depths:2)
  31 water elementals
  An air elemental (Shoals:4)
  A spriggan (shapeshifter) (Vaults:5)
  8 wraiths
  35 yaks
  2 fire bats (Depths:3)
  Eustachio (D:4)
  3 basilisks
  A chaos spawn (Zot:4)
  A steam dragon (D:9)
  A redback (Vaults:1)
  10 vampire mosquitoes
  A warg (Orc:2)
  An elf skeleton (Vaults:1)
  38 nagas
  An acid dragon (D:12)
  15 water moccasins
  2 floating eyes
  24 orc warriors
  An ogre skeleton (Vaults:1)
  A sky beast (shapeshifter) (Vaults:5)
  6 ice beasts
  12 ogres
  4 boggarts (D:15)
  3 black bears
  8 wolves
  8 centaurs
  A phantom (D:6)
  A kobold brigand (D:10)
  A lemure (D:4)
  Blork the orc (D:6)
  2 scorpions
  6 bullfrogs
  2 necrophages
  3 gnoll sergeants
  A human skeleton (Vaults:3)
  7 wights
  15 killer bees
  8 howler monkeys
  3 electric eels
  2 quasits (D:9)
  A hound (D:6)
  Crazy Yiuf (D:6)
  3 jellies
  A hound (shapeshifter) (Zot:3)
  2 gnoll boudas
  17 orc priests
  33 orc wizards
  3 iguanas
  A boggart skeleton (D:15)
  Robin (D:3)
  3 river rats (D:10)
  3 adders
  18 gnolls
  6 shadow imps
  4 white imps
  2 ufetubi
  2 dart slugs
  2 worms
  90 orcs
  3 ball pythons
  4 endoplasms
  3 giant cockroaches
  20 goblins
  10 hobgoblins
  2 jackals (D:1)
  3 quokkas
  4 bats
  5 frilled lizards
  12 kobolds
  5 rats
1916 creatures vanquished.

Vanquished Creatures (collateral kills)
  A doom hound (Zot:3)
  5 nagarajas (Snake:4)
  An orc warlord (Vaults:3)
  2 dire elephants
  A vault guard (Vaults:5)
  A hydra (D:12)
  A salamander tyrant (Snake:4)
  A naga warrior (Snake:4)
  4 naga sharpshooters
  A mana viper (Snake:3)
  A salamander (Snake:3)
  A guardian serpent (Snake:3)
  A naga mage (Snake:3)
  A tormentor (Zot:3)
  A hellwing (D:7)
  3 nagas (Snake:3)
  2 water moccasins (Lair:2)
  A black bear (Lair:2)
  3 wolves (Lair:2)
  A wight (D:7)
  An orc (Orc:2)
34 creatures vanquished.

Vanquished Creatures (others)
  A lich (Depths:2)
  A draconian monk (Zot:4)
  A draconian scorcher (Zot:1)
  A white draconian (Zot:4)
  A fire dragon (D:15)
  A vault guard (Vaults:5)
  A naga sharpshooter (Snake:3)
  A glowing orange brain (Depths:1)
  A naga (Snake:3)
  28 fungi
  59 plants
  25 toadstools
  8 withered plants (D:8)
129 creatures vanquished.

Grand Total: 2079 creatures vanquished

Notes
Turn   | Place    | Note
-------+----------+-------------------------------------------
     0 | D:1      | greasedhog the Gargoyle Monk began the quest for the Orb.
     0 | D:1      | Reached XP level 1. HP: 14/14 MP: 1/1
   168 | D:1      | Reached XP level 2. HP: 17/19 MP: 2/2
   829 | D:1      | Found a faded altar of an unknown god.
  1234 | D:1      | Reached XP level 3. HP: 23/23 MP: 3/3
  2158 | D:2      | Reached XP level 4. HP: 28/28 MP: 4/4
  2623 | D:3      | Noticed Robin
  2665 | D:3      | Killed Robin
  2670 | D:3      | Reached XP level 5. HP: 25/32 MP: 5/5
  3365 | D:4      | Found a sacrificial altar of Ru.
  3496 | D:4      | Noticed a lemure
  3513 | D:4      | Killed a lemure
  3617 | D:4      | Noticed Pikel
  3629 | D:4      | Noticed a lemure
  3629 | D:4      | Noticed a lemure
  3646 | D:4      | Killed Pikel
  3647 | D:4      | Reached skill level 5 in Dodging
  3647 | D:4      | Reached XP level 6. HP: 18/37 MP: 6/6
  3647 | D:4      | Reached XP level 7. HP: 19/41 MP: 7/7
  3816 | D:4      | Noticed Eustachio
  3834 | D:4      | Killed Eustachio
  4142 | D:4      | Reached XP level 8. HP: 48/48 MP: 8/8
  4248 | D:4      | Found a glowing silver altar of Zin.
  4249 | D:4      | Found a basalt altar of Yredelemnul.
  4447 | D:5      | Entered Level 5 of the Dungeon
  4844 | D:5      | Noticed Grinder
  4979 | D:5      | Gained mutation: You have large cloven feet. [potion of
                  | mutation]
  4979 | D:5      | Gained mutation: Your spells are a little harder to cast,
                  | but a little more powerful. [potion of mutation]
  4990 | D:5      | Killed Grinder
  4991 | D:5      | Reached skill level 5 in Fighting
  5069 | D:5      | Reached skill level 1 in Evocations
  5677 | D:5      | Found a stormy altar of Qazlal.
  5685 | D:5      | Became a worshipper of Qazlal Stormbringer
  5685 | D:5      | Reached * piety under Qazlal
  5685 | D:5      | Reached ** piety under Qazlal
  6119 | D:6      | Noticed Blork the orc
  6141 | D:6      | Killed Blork the orc
  6142 | D:6      | Reached XP level 9. HP: 49/54 MP: 9/9
  6240 | D:6      | Noticed Maggie
  6264 | D:6      | Killed Maggie
  6504 | D:6      | Found a runed translucent door.
  6629 | D:6      | Noticed a two-headed ogre
  6636 | D:6      | Killed a two-headed ogre
  6637 | D:6      | Reached skill level 5 in Evocations
  6644 | D:6      | Reached skill level 1 in Armour
  6964 | D:6      | Reached skill level 10 in Maces & Flails
  7202 | D:6      | Noticed Crazy Yiuf
  7209 | D:6      | Killed Crazy Yiuf
  7338 | D:7      | Learned a level 1 spell: Apportation
  7366 | D:7      | Found a staircase to the Ecumenical Temple.
  7388 | Temple   | Entered the Ecumenical Temple
  7439 | D:6      | Reached XP level 10. HP: 36/59 MP: 8/10
  7891 | D:7      | Reached skill level 5 in Armour
  7894 | D:7      | Reached skill level 1 in Invocations
  8174 | D:7      | Found a sparkling altar of Nemelex Xobeh.
  8228 | D:7      | Found Fyc Ick's Neck Hole.
  8379 | D:8      | Reached skill level 2 in Invocations
  8410 | D:7      | Reached *** piety under Qazlal
  8423 | D:7      | Reached skill level 3 in Invocations
  8757 | D:8      | Noticed a manticore
  8770 | D:8      | Killed a manticore
  8771 | D:8      | Reached skill level 4 in Invocations
  9032 | D:7      | Reached skill level 5 in Invocations
  9071 | D:8      | Reached XP level 11. HP: 34/64 MP: 13/15
  9129 | D:8      | Reached skill level 6 in Invocations
  9745 | D:8      | Noticed Prince Ribbit
  9758 | D:8      | Killed Prince Ribbit
  9875 | D:8      | Reached skill level 7 in Invocations
 10092 | D:8      | Lost mutation: You have large cloven feet. [potion of
                  | mutation]
 10092 | D:8      | Lost mutation: Your spells are a little harder to cast, but
                  | a little more powerful. [potion of mutation]
 10092 | D:8      | Gained mutation: You are agile. (Dex +4, Str/Int -1)
                  | [potion of mutation]
 10092 | D:8      | Gained mutation: Your magical capacity is low. (-10% MP)
                  | [potion of mutation]
 10092 | D:8      | Gained mutation: You are dopey. (Int -2) [potion of
                  | mutation]
 10604 | D:9      | Reached **** piety under Qazlal
 10786 | D:9      | Noticed a sun demon
 10802 | D:9      | Killed a sun demon
 10803 | D:9      | Reached skill level 8 in Invocations
 11019 | D:9      | Noticed a sixfirhy
 11028 | D:9      | Killed a sixfirhy
 11265 | D:9      | Found a glowing golden altar of the Shining One.
 11669 | D:10     | Entered Level 10 of the Dungeon
 11680 | D:10     | Noticed a soul eater
 12084 | D:10     | Noticed a death yak
 12100 | D:10     | Killed a death yak
 12101 | D:10     | Reached skill level 9 in Invocations
 12126 | D:10     | Noticed a death yak
 12377 | D:10     | Noticed a death yak
 12395 | D:9      | Killed a death yak
 12396 | D:9      | Reached XP level 12. HP: 61/76 MP: 17/17
 12426 | D:9      | Killed a death yak
 12787 | D:10     | Found a staircase to the Lair.
 13170 | D:11     | Reached skill level 10 in Invocations
 13186 | D:11     | Reached skill level 10 in Fighting
 13241 | D:11     | Noticed Gastronok
 13299 | D:11     | Killed Gastronok
 13455 | D:11     | Noticed Amaemon
 13479 | D:11     | Killed Amaemon
 13535 | D:11     | Noticed a two-headed ogre
 13544 | D:11     | Killed a two-headed ogre
 13713 | D:11     | Noticed a two-headed ogre
 13723 | D:11     | Killed a two-headed ogre
 13780 | D:11     | Noticed a two-headed ogre
 13789 | D:11     | Killed a two-headed ogre
 13790 | D:11     | Reached skill level 5 in Shields
 14075 | D:11     | Lost mutation: Your magical capacity is low. (-10% MP)
                  | [potion of mutation]
 14075 | D:11     | Lost mutation: You are dopey. (Int -2) [potion of mutation]
 14075 | D:11     | Lost mutation: You are agile. (Dex +4, Str/Int -1) [potion
                  | of mutation]
 14075 | D:11     | Gained mutation: You are weak. (Str -2) [potion of
                  | mutation]
 14729 | D:12     | Reached ***** piety under Qazlal
 14771 | D:12     | Found a staircase to the Orcish Mines.
 14870 | D:12     | Noticed a two-headed ogre
 14877 | D:12     | Killed a two-headed ogre
 14998 | D:12     | Noticed a five-headed hydra
 15018 | D:12     | Killed a five-headed hydra
 15204 | D:12     | Noticed a two-headed ogre
 15212 | D:12     | Killed a two-headed ogre
 15443 | D:12     | Noticed a seven-headed hydra
 15460 | D:12     | Killed a seven-headed hydra
 15461 | D:12     | Reached XP level 13. HP: 14/82 MP: 20/20
 16012 | D:12     | Noticed Nergalle
 16025 | D:12     | Killed Nergalle
 16185 | Lair:1   | Entered Level 1 of the Lair of Beasts
 16556 | Lair:1   | Reached skill level 10 in Armour
 16889 | Lair:1   | Noticed a dire elephant
 16911 | Lair:1   | Found a runed translucent door.
 16947 | Lair:1   | Killed a dire elephant
 16988 | Lair:1   | Identified the +7 great sword of the Skies Above {vorpal,
                  | rN+ Str-5 Int+9 Dex+4}
 17382 | Lair:2   | Noticed Fannar
 17397 | Lair:2   | Killed Fannar
 17759 | Lair:2   | Found a staircase to the Snake Pit.
 17789 | Lair:2   | Found a blossoming altar of Fedhas.
 17941 | Lair:2   | Found a staircase to the Shoals.
 18887 | Lair:3   | Gained mutation: Your large and strong wings let you fly.
                  | [Gargoyle growth]
 18887 | Lair:3   | Reached XP level 14. HP: 86/88 MP: 21/21
 18936 | Lair:3   | Noticed Rupert
 18960 | Lair:3   | Killed Rupert
 19355 | Lair:3   | Identified a scroll of acquirement
 19356 | Lair:3   | Acquired a manual of Invocations
 20070 | Lair:4   | You are sucked into a shaft and drop 1 floor!
 20070 | Lair:5   | Entered Level 5 of the Lair of Beasts
 21096 | Lair:5   | Reached skill level 10 in Evocations
 21322 | Lair:5   | Found a viscous altar of Jiyva.
 21335 | Lair:5   | Reached skill level 10 in Dodging
 21478 | Lair:5   | Found a staircase to the Slime Pits.
 21670 | Lair:5   | Reached skill level 11 in Invocations
 21698 | Lair:5   | Reached XP level 15. HP: 92/92 MP: 23/23
 21860 | Lair:5   | Lost mutation: You are weak. (Str -2) [potion of mutation]
 21860 | Lair:5   | Gained mutation: You occasionally lose the ability to drink
                  | potions when taking damage. [potion of mutation]
 21860 | Lair:5   | Gained mutation: You are dopey. (Int -2) [potion of
                  | mutation]
 22609 | Orc:1    | Entered Level 1 of the Orcish Mines
 22720 | Orc:1    | Found Niec's Needful Niceties.
 22730 | Orc:1    | Bought a scroll of noise for 13 gold pieces
 22776 | Orc:1    | Noticed Maurice
 22819 | Orc:1    | Killed Maurice
 22941 | Orc:2    | Entered Level 2 of the Orcish Mines
 23113 | Orc:2    | Found a staircase to the Elven Halls.
 23223 | Orc:2    | Found Ilaigodo's Antique Armour Boutique.
 23228 | Orc:2    | Bought a shiny buckler for 270 gold pieces
 23374 | Orc:2    | Noticed Saint Roka
 23424 | Orc:1    | Reached skill level 12 in Invocations
 23757 | Orc:2    | Killed Saint Roka
 24154 | Orc:2    | Found Wiagges's Antique Weapon Emporium.
 24347 | Orc:2    | Found Ponudghimn's Antique Armour Shop.
 24352 | Orc:2    | Found Dimyrien's Antique Weapon Boutique.
 24364 | Orc:2    | Bought a heavily runed helmet for 247 gold pieces
 24364 | Orc:2    | Identified the +2 helmet of the Storm King {rElec rF+} (You
                  | bought it in a shop on level 2 of the Orcish Mines)
 24364 | Orc:2    | Bought a translucent buckler for 247 gold pieces
 24364 | Orc:2    | Identified the +7 buckler of the Tanner {rF+ Will+ Str-3}
                  | (You bought it in a shop on level 2 of the Orcish Mines)
 24701 | D:13     | Reached skill level 13 in Invocations
 24990 | D:13     | Noticed Lodul
 25019 | D:13     | Killed Lodul
 25066 | D:13     | Noticed Erolcha
 25078 | D:13     | Killed Erolcha
 25082 | D:13     | Reached skill level 14 in Invocations
 25676 | D:14     | Reached skill level 15 in Invocations
 25750 | D:14     | Found a gate to the Vaults.
 26155 | D:14     | Identified the +7 scale mail "Idous" {Int+9 SInv}
 26299 | D:14     | Found a glowing silver altar of Zin.
 26651 | D:15     | Entered Level 15 of the Dungeon
 26983 | D:15     | Reached skill level 16 in Invocations
 27012 | D:15     | Reached XP level 16. HP: 78/104 MP: 28/28
 27132 | D:15     | Found a staircase to the Depths.
 27538 | D:15     | Reached ****** piety under Qazlal
 28691 | Snake:1  | Entered Level 1 of the Snake Pit
 28814 | Snake:1  | Reached skill level 17 in Invocations
 28915 | Snake:1  | Found Weixec's Weapon Emporium.
 29009 | Snake:1  | Lost mutation: You occasionally lose the ability to drink
                  | potions when taking damage. [potion of mutation]
 29009 | Snake:1  | Lost mutation: You are dopey. (Int -2) [potion of mutation]
 29009 | Snake:1  | Gained mutation: You do not regenerate when monsters are
                  | visible. [potion of mutation]
 29009 | Snake:1  | Gained mutation: You are partially covered in large bone
                  | plates. (SH +4) [potion of mutation]
 29289 | Snake:1  | Found Misanlus's Jewellery Emporium.
 29413 | Snake:1  | Found Zeaw's Antique Weapon Shoppe.
 29419 | Snake:1  | Bought an amulet of regeneration for 480 gold pieces
 29841 | Snake:2  | Identified the +8 flail of the Leaping Gods {flame, rF++
                  | rC- Str+3}
 29903 | Snake:2  | Found Nyruxtiadu's Assorted Antiques.
 30167 | Snake:2  | Reached skill level 15 in Fighting
 30285 | Snake:2  | Reached skill level 18 in Invocations
 31484 | Snake:3  | Upgraded the game from 0.29-a0-911-g88e6f02907 to
                  | 0.29-a0-919-gd064cfad1c
 31491 | Snake:3  | Reached XP level 17. HP: 56/113 MP: 30/30
 32109 | Snake:3  | Reached skill level 19 in Invocations
 32738 | Snake:4  | Entered Level 4 of the Snake Pit
 33656 | Snake:4  | Reached skill level 20 in Invocations
 34151 | Snake:4  | Reached XP level 18. HP: 117/119 MP: 32/32
 34303 | Snake:4  | Got a serpentine rune of Zot
 34470 | Snake:4  | Found Qoeciz's Jewellery Shoppe.
 34477 | Snake:4  | Bought a +6 ring of strength for 612 gold pieces
 35009 | Shoals:1 | Entered Level 1 of the Shoals
 35295 | Shoals:1 | Found the +0 mask of the Dragon {Will+ Slay+3 SInv}
 35310 | Shoals:1 | Found a transporter.
 35311 | Shoals:1 | Found the +0 pair of fencer's gloves {Riposte Dex+3}
 35395 | Shoals:1 | Noticed Josephine
 35444 | Shoals:1 | Found a transporter.
 35449 | Shoals:1 | Killed Josephine
 35450 | Shoals:1 | Reached skill level 15 in Armour
 35836 | Shoals:2 | Noticed Polyphemus
 35962 | Shoals:2 | Reached skill level 21 in Invocations
 35995 | Shoals:2 | Killed Polyphemus
 36088 | Shoals:2 | Found Acrocsal's Assorted Antiques.
 36096 | Shoals:2 | Bought a scroll of identify for 44 gold pieces
 36096 | Shoals:2 | Bought a pair of glowing boots for 165 gold pieces
 36096 | Shoals:2 | Bought a scroll of fear for 88 gold pieces
 36096 | Shoals:2 | Bought a scroll of teleportation for 66 gold pieces
 36140 | Shoals:2 | Reached XP level 19. HP: 124/124 MP: 33/33
 36911 | Shoals:3 | Noticed Ilsuiw
 36965 | Shoals:3 | Killed Ilsuiw
 37112 | Shoals:3 | Noticed Donald
 37130 | Shoals:3 | Killed Donald
 37135 | Shoals:3 | Reached skill level 22 in Invocations
 37351 | Shoals:3 | Lost mutation: You are partially covered in large bone
                  | plates. (SH +4) [potion of mutation]
 37351 | Shoals:3 | Lost mutation: You do not regenerate when monsters are
                  | visible. [potion of mutation]
 37351 | Shoals:3 | Gained mutation: You are strong-willed. (Will+) [potion of
                  | mutation]
 37681 | Shoals:4 | Entered Level 4 of the Shoals
 37698 | Shoals:4 | Paralysed by an air elemental for 1 turns
 37705 | Shoals:4 | Paralysed by an air elemental for 1 turns
 37709 | Shoals:4 | Paralysed by an air elemental for 1 turns
 38007 | Shoals:4 | Found a stormy altar of Qazlal.
 38210 | Shoals:4 | Reached XP level 20. HP: 130/130 MP: 35/35
 38763 | Shoals:4 | Got a barnacled rune of Zot
 38765 | Shoals:4 | Identified the +1 hat "Usuxt" {rCorr}
 39275 | Depths:1 | Entered Level 1 of the Depths
 39767 | Depths:1 | Reached skill level 23 in Invocations
 39891 | Depths:1 | Noticed Louise
 39914 | Depths:1 | Killed Louise
 39915 | Depths:1 | Found a one-way gate to the infinite horrors of the Abyss.
 39967 | Depths:1 | Identified the +1 ring mail of Ignis's Regard {rPois Int+6}
 40003 | Depths:1 | Found a gateway to Hell.
 40662 | Depths:1 | Got Ezuo's Anthology of Karma
 40836 | Vaults:1 | Entered Level 1 of the Vaults
 41554 | Vaults:1 | Reached skill level 24 in Invocations
 41575 | Vaults:1 | Reached XP level 21. HP: 76/141 MP: 31/37
 42340 | Vaults:1 | HP: 6/142 [phantasmal warrior (11)]
 42962 | Vaults:2 | Noticed Mara
 42986 | Vaults:2 | Noticed greasedhog's illusion
 43005 | Vaults:2 | Killed Mara
 43062 | Vaults:2 | Found Igibuhya's Magic Scroll Boutique.
 43070 | Vaults:2 | Bought a scroll of blinking for 142 gold pieces
 43070 | Vaults:2 | Bought a scroll of enchant armour for 142 gold pieces
 43070 | Vaults:2 | Bought a scroll of blinking for 142 gold pieces
 43070 | Vaults:2 | Bought 2 scrolls of poison for 152 gold pieces
 43070 | Vaults:2 | Bought a scroll of immolation for 76 gold pieces
 43253 | Vaults:2 | Noticed Asterion
 43263 | Vaults:2 | Killed Asterion
 44126 | Vaults:3 | Reached skill level 25 in Invocations
 44601 | Vaults:3 | Found a staircase to the Crypt.
 45006 | Vaults:3 | Identified the +5 arbalest "Amacs" {venom, Str+3 Int+4}
 45334 | Vaults:4 | Reached XP level 22. HP: 152/152 MP: 38/38
 45651 | Vaults:4 | Noticed Jory
 45661 | Vaults:4 | Noticed Aizul
 45689 | Vaults:4 | Killed Aizul
 45719 | Vaults:4 | Killed Jory
 46323 | Vaults:4 | Reached skill level 26 in Invocations
 46657 | Vaults:4 | Found Nicosag's Antique Armour Emporium.
 46665 | Vaults:4 | Bought a faintly glowing plate armour for 728 gold pieces
 46665 | Vaults:4 | Identified the +0 plate armour "Joluing" {rC+ rN+++ Regen+}
                  | (You bought it in a shop on level 4 of the Vaults)
 47116 | Depths:2 | Found a one-way gate leading to the halls of Pandemonium.
 48112 | Depths:2 | Reached XP level 23. HP: 140/156 MP: 40/40
 48213 | Depths:2 | Found the +8 autumn katana {vorpal, manifold assault}
 48376 | Depths:3 | Noticed Frederick
 48381 | Depths:3 | Killed Frederick
 48382 | Depths:3 | Reached skill level 27 in Invocations
 48716 | Depths:3 | Noticed a golden dragon
 48733 | Depths:3 | Killed a golden dragon
 48785 | Depths:3 | Found the ring of the Octopus King
 48901 | Depths:3 | Noticed Parghit
 48945 | Depths:3 | Reached skill level 10 in Shields
 49711 | Depths:3 | Identified a ring of the Octopus King {HP+2 AC+2 EV+2 SH+2
                  | SInv}
 50037 | Depths:4 | Entered Level 4 of the Depths
 50559 | Depths:4 | Found a one-way gateway to a ziggurat.
 50742 | Depths:4 | Paralysed by a floating eye for 4 turns
 50753 | Depths:4 | Reached XP level 24. HP: 163/163 MP: 40/40
 50919 | Depths:4 | Found a gate to the Realm of Zot.
 51363 | Vaults:5 | Entered Level 5 of the Vaults
 51579 | Vaults:5 | Identified the +6 long sword "Puill" {freeze, *Slow rN+
                  | Int+6}
 51705 | Vaults:5 | Found the +2 cloak of the Thief {*Fog Slay-2 SInv Stlth+}
 51738 | Vaults:5 | Noticed a dread lich
 51753 | Vaults:5 | Killed a dread lich
 51807 | Vaults:5 | Identified the +7 quarterstaff of Sharkskin {vorpal, Int+2
                  | Dex+4}
 52028 | Vaults:5 | Reached skill level 15 in Shields
 52289 | Vaults:5 | Identified the +3 dagger of Greed {holy, rC+++ rCorr Str+3
                  | Stlth-}
 52307 | Vaults:5 | Got a silver rune of Zot
 52383 | Vaults:5 | Identified the +1 cloak of the Desert {Int+4}
 52390 | Vaults:5 | Noticed a dread lich
 52417 | Vaults:5 | Killed a dread lich
 52474 | Vaults:5 | Got the Codex of the Turnip
 52479 | Vaults:5 | Identified the +4 hand axe "Beastbane" {spect, rF+ rCorr
                  | Dex+3}
 52499 | Vaults:5 | Learned a level 2 spell: Wereblood
 52755 | Vaults:5 | Identified the +1 ring mail of Inference {rElec Dex+2}
 53212 | Zot:1    | Entered Level 1 of the Realm of Zot
 53286 | Zot:1    | Reached XP level 25. HP: 112/169 MP: 35/40
 53741 | Zot:1    | Identified the +1 scale mail of Tielof {rF+ Int-2 Dex+4}
 54517 | Zot:2    | Reached skill level 15 in Dodging
 55553 | Zot:2    | Acquired a +2 morningstar of holy wrath
 56250 | Zot:3    | Reached XP level 26. HP: 180/180 MP: 40/40
 56528 | Zot:3    | Noticed an orb of fire
 56533 | Zot:3    | Gained mutation: Your magical capacity is low. (-10% MP)
                  | [an orb of fire]
 56545 | Zot:3    | Gained mutation: You occasionally lose the ability to drink
                  | potions when taking damage. [an orb of fire]
 56561 | Zot:3    | Killed an orb of fire
 56634 | Zot:3    | Noticed Grunn
 56655 | Zot:3    | Killed Grunn
 57132 | Zot:3    | Identified the +5 sling of Dithmenos's Pride {speed, rElec
                  | rPois rC- Str+6}
 58889 | Zot:5    | Entered Level 5 of the Realm of Zot
 59033 | Zot:5    | Lost mutation: You are strong-willed. (Will+) [potion of
                  | mutation]
 59033 | Zot:5    | Lost mutation: Your magical capacity is low. (-10% MP)
                  | [potion of mutation]
 59033 | Zot:5    | Lost mutation: You occasionally lose the ability to drink
                  | potions when taking damage. [potion of mutation]
 59033 | Zot:5    | Gained mutation: You occasionally lose the ability to read
                  | scrolls when taking damage. [potion of mutation]
 59034 | Zot:5    | Lost mutation: You occasionally lose the ability to read
                  | scrolls when taking damage. [potion of mutation]
 59034 | Zot:5    | Gained mutation: You are agile. (Dex +4, Str/Int -1)
                  | [potion of mutation]
 59034 | Zot:5    | Gained mutation: You have a pair of small antennae on your
                  | head. [potion of mutation]
 59035 | Zot:5    | Lost mutation: You are agile. (Dex +4, Str/Int -1) [potion
                  | of mutation]
 59035 | Zot:5    | Lost mutation: You have a pair of small antennae on your
                  | head. [potion of mutation]
 59035 | Zot:5    | Gained mutation: You are agile. (Dex +4, Str/Int -1)
                  | [potion of mutation]
 59035 | Zot:5    | Gained mutation: You have sharp fingernails. [potion of
                  | mutation]
 59035 | Zot:5    | Gained mutation: Your flesh is heat resistant. (rF+)
                  | [potion of mutation]
 59035 | Zot:5    | Gained mutation: You are partially covered in iridescent
                  | scales. (AC +2) [potion of mutation]
 59280 | Zot:5    | Noticed an ancient lich
 59301 | Zot:5    | Killed an ancient lich
 59314 | Zot:5    | Noticed a Killer Klown
 59316 | Zot:5    | Noticed an orb of fire
 59323 | Zot:5    | Gained mutation: Your spells are a little easier to cast,
                  | but a little less powerful. [an orb of fire]
 59324 | Zot:5    | Lost mutation: Your spells are a little easier to cast, but
                  | a little less powerful. [an orb of fire]
 59329 | Zot:5    | Noticed an ancient lich
 59342 | Zot:5    | Killed an orb of fire
 59343 | Zot:5    | Reached XP level 27. HP: 136/192 MP: 30/40
 59352 | Zot:5    | Killed an ancient lich
 59390 | Zot:5    | Noticed an orb of fire
 59401 | Zot:5    | Noticed an orb of fire
 59402 | Zot:5    | Gained mutation: You occasionally lose the ability to read
                  | scrolls when taking damage. [an orb of fire]
 59406 | Zot:5    | Killed an orb of fire
 59407 | Zot:5    | Gained mutation: You do not regenerate when monsters are
                  | visible. [an orb of fire]
 59422 | Zot:5    | Killed an orb of fire
 59423 | Zot:5    | Lost mutation: You are partially covered in iridescent
                  | scales. (AC +2) [potion of mutation]
 59423 | Zot:5    | Lost mutation: You have sharp fingernails. [potion of
                  | mutation]
 59423 | Zot:5    | Lost mutation: Your flesh is heat resistant. (rF+) [potion
                  | of mutation]
 59423 | Zot:5    | Gained mutation: Your body sometimes deteriorates upon
                  | taking damage. [potion of mutation]
 59423 | Zot:5    | Gained mutation: You are frail. (-10% HP) [potion of
                  | mutation]
 59423 | Zot:5    | Gained mutation: You have a pair of small horns on your
                  | head. [potion of mutation]
 59483 | Zot:5    | Noticed an orb of fire
 59689 | Zot:5    | Noticed an orb of fire
 59690 | Zot:5    | Lost mutation: You are frail. (-10% HP) [mutagenic glow]
 59700 | Zot:4    | Gained mutation: Armour fits poorly on your strangely
                  | shaped body. [mutagenic glow]
 59708 | Zot:4    | Lost mutation: You are agile. (Dex +4, Str/Int -1)
                  | [mutagenic glow]
 59771 | Zot:5    | Gained mutation: Potions are less effective at restoring
                  | your health. [an orb of fire]
 59777 | Zot:5    | Gained mutation: You are weak. (Str -2) [an orb of fire]
 59780 | Zot:5    | Gained mutation: You occasionally shout uncontrollably at
                  | your foes. [an orb of fire]
 59781 | Zot:5    | Killed an orb of fire
 59856 | Zot:5    | Noticed a dread lich
 59880 | Zot:5    | Killed a dread lich
 59922 | Zot:5    | Noticed an ancient lich
 59997 | Zot:5    | Noticed an orb of fire
 59998 | Zot:5    | Gained mutation: You possess an exceptional clarity of
                  | mind. [an orb of fire]
 60007 | Zot:5    | Gained mutation: Your spells are a little easier to cast,
                  | but a little less powerful. [an orb of fire]
 60022 | Zot:5    | Killed an orb of fire
 60027 | Zot:5    | Gained mutation: You are frail. (-10% HP) [an orb of fire]
 60029 | Zot:5    | Noticed an ancient lich
 60036 | Zot:5    | Killed an orb of fire
 60045 | Zot:5    | Killed an ancient lich
 60056 | Zot:5    | Killed an ancient lich
 60140 | Zot:5    | Got the Orb of Zot
 60936 | D:1      | Noticed Ekuxtal the pandemonium lord
 60965 | D:$      | Escaped with the Orb!

Illustrated notes

Levels and vault maps discovered:
D:1:      giann_wishing_wells, layout_basic,
          chequers_ecumenical_altar_simple_redux, minmay_tetromino_s2
D:2:      layout_loops_ring, corner_web_ring
D:3:      layout_loops_ring, grunt_ministairs_11, uniq_robin
D:4:      layout_loops_cross, mainiacjoe_overflow_divided_tiny,
          mainiacjoe_overflow_brackets, hangedman_decor_points, uniq_eustachio,
          uniq_pikel
D:5:      layout_rooms, grunt_qazlal_clouds, minmay_misc_feat_tower,
          hangedman_abyss_or_decor_stagger, serial_bayou_pond_d, uniq_grinder
D:6:      layout_loops_ring, enter_ossuary_2, uniq_maggie, uniq_blork_the_orc,
          uniq_crazy_yiuf_cottage
D:7:      layout_basic, mainiacjoe_overflow_alcove_1, temple_pool_b,
          minmay_misc_feat_room, nicolae_shop_sticking_my_neck_out
D:8:      cheibrodos_grave_circle, layout_cave_pools, enter_bailey_7,
          nicolae_fountain_basement, uniq_prince_ribbit1
D:9:      layout_long_grid, mainiacjoe_overflow_paths, serial_demonic,
          serial_demonic_d, serial_demonic_b, serial_demonic_f, serial_demonic_e
D:10:     layout_loops_ring, dpeg_lair_monsters, minmay_librarian
D:11:     layout_basic, uniq_amaemon, uniq_gastronok
D:12:     layout_small_grid, hiddenorc2_lemuel, uniq_nergalle
D:13:     layout_basic, uniq_erolcha, uniq_lodul
D:14:     layout_basic, david_vaults_2, nicolae_kite_square_tiling_tiny,
          reono_crystal_passage, grunt_ministairs_14, zin_treasury
D:15:     grunt_enter_depths_magical_seal, layout_layer_cave,
          grunt_decor_resistance
Temple:   nicolae_temple_bog_church
Lair:1:   gammafunk_lair_enchanted_lake, layout_misc_corridors,
          serial_bayou_pond_e, grunt_megastairs_5, infiniplex_staircase_pool
Lair:2:   layout_regular_city, shoals_dummy_entry,
          minmay_snake_entry_six_corridors, tgw_fedhas, uniq_fannar
Lair:3:   layout_gridlike, uniq_rupert
Lair:4:   layout_regular_city, lemuel_fruit_tree
Lair:5:   evilmike_catoblepas_cave, layout_loops_ring,
          minmay_slime_entry_oklob_enclosed, grunt_megastairs_1
Shoals:1: gammafunk_sealed_arena, layout_shoals, uniq_josephine
Shoals:2: layout_shoals, serial_shops, shop,
          nicolae_shoals_beach_house_on_fowls_legs, uniq_polyphemus
Shoals:3: layout_shoals, uniq_donald, uniq_ilsuiw
Shoals:4: shoals_end_hellmonk_storm_palace [storm_palace_center_square,
          storm_palace_corner_narrow, storm_palace_corner_altar,
          storm_palace_corner_reverse_hut, storm_palace_corner_narrow]
Snake:1:  layout_misc_corridors, eino_curves_03, minmay_shop_star
Snake:2:  layout_cave_town, st_stairs_9, nicolae_take_the_stairs,
          grunt_megastairs_2
Snake:3:  layout_basic, grunt_megastairs_4
Snake:4:  grunt_snake_rune_spirals, layout_onion, serial_shops,
          nicolae_shop_trees, serial_bayou_shore_a
Orc:1:    layout_diamond_mine, nicolae_alphabet_shops, uniq_maurice
Orc:2:    grunt_orc_community_town_hall, layout_caves,
          grunt_orc_community_big_house_2, grunt_orc_community_big_house_1,
          grunt_orc_community_house_3, grunt_orc_community_house_3,
          grunt_orc_community_house_2, grunt_orc_community_house_3,
          grunt_orc_community_house_2, basic_altar
Vaults:1: v_misc_23, st_cross, grunt_vaults_trifunnel, vaults_room_door_hall,
          vaults_dpeg_spiral, nicolae_vaults_arrows, grunt_vaults_focal,
          v_misc_27, vaults_mumra_hex, v_misc_17, dpeg_vaults_monster_box,
          layout_vaults_big_cross
Vaults:2: vaults_mumra_minichess, v_misc_11, ontoclasm_vaults_eye, v_misc_27,
          ontoclasm_vaults_shuriken, v_misc_8, grunt_vaults_hallway_short,
          layout_vaults_omnigrid, serial_shops, shop_scrolls, uniq_mara,
          uniq_asterion
Vaults:3: minmay_crypt_entry_simple_statues, ontoclasm_vaults_chip, v_misc_9,
          vaults_dpeg_diagonal, ontoclasm_vaults_ligature,
          vaults_room_stairs_pillars, nicolae_vaults_angled_halls,
          ontoclasm_vaults_gateway, vaults_room_corners,
          nicolae_vaults_yaktaur_gun_rack, nicolae_vaults_rhombus_5,
          ontoclasm_vaults_chip, layout_vaults_chaotic_city
Vaults:4: nicolae_vaults_rhombus_7, nicolae_vaults_back_hallway,
          grunt_vaults_swirl, v_misc_27, nicolae_vaults_little_ls,
          nicolae_vaults_little_squares_6, v_misc_27, nicolae_vaults_rhombus_7,
          nicolae_vaults_little_squares_3, nicolae_vaults_know_your_exits,
          vaults_room_ringed_pool, hangedman_vaults_pinch,
          vaults_room_semicircle, hangedman_vaults_stream, vaults_room_fours,
          v_misc_25, layout_vaults_maze_bifur, serial_shops, shop_fountains,
          uniq_aizul, uniq_jory
Vaults:5
Depths:1: layout_cave_pools, nicolae_abyss_entry_one_way_or_another,
          nrook_campfire, hell_entry, solitary_fountain, minislime_mu,
          serial_bayou_shore_b
Depths:2: minmay_the_grid_3x2 [minmay_the_grid_holed_spiral,
          minmay_the_grid_large_cup, minmay_the_grid_expand,
          minmay_the_grid_gridbox, minmay_the_grid_mess,
          minmay_the_grid_prize_four_corners], layout_gridville, hellmouth_2,
          grunt_pan_entry_spiral, chequers_serial_rivers_micro_e
Depths:3: minmay_chopped_fan, layout_gridlike, hellmouth_3,
          chequers_serial_rivers_micro_c, abyss_entry, uniq_parghit,
          uniq_frederick
Depths:4: grunt_twist_and_shout, layout_cave_pools, enter_ziggurat_e,
          hangedman_abyss_entry_splay, pf_hell_entry_tar_spiral,
          minmay_misc_feat_five
Zot:1:    layout_misc_corridors
Zot:2:    lemuel_draconian_sentries, layout_cathedral_of_symmetry
Zot:3:    hangedman_zot_vaults_quadrants, layout_onion_interference,
          st_small_dragon_hoard_3, uniq_grunn
Zot:4:    ebering_greatest_show_in_zot, layout_basic, guppyfry_library_mini
Zot:5:    layout_misc_corridors

Skill      XL: |  1  2  3  4  5  6  7  8  9 10 11 12 13 14 15 16 17 18 19 20 21 22 23 24 25 26 27 |
---------------+----------------------------------------------------------------------------------+-----
Dodging        | 3 5 7 10 11 14 15 | 15.0
Maces & Flails | 4 6 8 10 12 | 12.0
Fighting       | 4 5 9 10 13 15 18 20 22 24 25 | 25.8
Evocations     | 2 5 7 10 | 10.0
Armour         | 3 5 9 10 11 14 15 16 18 20 21 23 24 | 24.8
Invocations    | 5 9 10 11 16 18 20 21 22 24 25 26 27 | 27.0
Shields        | 7 9 12 15 | 15.2
Stealth        | |  2.1

Action                   |  1- 3 |  4- 6 |  7- 9 | 10-12 | 13-15 | 16-18 | 19-21 | 22-24 | 25-27 || total
-------------------------+-------+-------+-------+-------+-------+-------+-------+-------+-------++-------
Melee: Mace              |   114 |   119 |       |       |       |       |       |       |       ||   233
       Punch             |     2 |     1 |     4 |    11 |       |       |       |       |       ||    18
       Whip              |       |       |   342 |   407 |  1461 |  1881 |  1616 |    44 |       ||  5751
       Kick              |       |       |    73 |   123 |       |       |       |       |       ||   196
       Flail             |       |       |       |   433 |    35 |     2 |     3 |    92 |       ||   565
       Demon whip        |       |       |       |       |       |       |   345 |  2304 |  2499 ||  5148
       Headbutt          |       |       |       |       |       |       |       |       |   132 ||   132
       Morningstar       |       |       |       |       |       |       |       |       |    11 ||    11
Throw: Throwing net      |       |     1 |     2 |       |       |       |       |     1 |       ||     4
       Dart              |       |       |     6 |    18 |     4 |       |       |       |       ||    28
Invok: Upheaval          |       |       |     1 |     4 |    16 |    17 |    27 |     6 |    33 ||   104
       Elemental Force   |       |       |       |     1 |     3 |     6 |     2 |       |     2 ||    14
       Disaster Area     |       |       |       |       |       |       |     3 |     5 |     2 ||    10
Evoke: Wand              |       |       |     6 |     1 |    19 |       |     8 |     9 |    17 ||    60
       Lightning rod     |       |       |       |       |       |       |       |     4 |       ||     4
       Box of beasts     |       |       |       |       |       |       |       |     1 |       ||     1
  Use: Scroll            |     5 |     1 |     4 |     5 |     7 |     9 |    15 |    10 |    10 ||    66
       Potion            |       |     2 |     1 |     6 |     1 |     2 |     5 |     5 |    13 ||    35
 Stab: Sleeping          |     4 |       |       |       |       |       |       |       |       ||     4
       Held in net/web   |       |       |     4 |       |       |       |       |     1 |       ||     5
       Paralysed         |       |       |    11 |     5 |     6 |     1 |       |       |       ||    23
       Distracted        |       |       |       |     1 |       |     1 |       |       |     1 ||     3
       Petrified         |       |       |       |       |     6 |       |       |       |       ||     6
       Petrifying        |       |       |       |       |     1 |       |       |       |       ||     1
Armor: Robe              |    11 |       |       |       |       |       |       |       |       ||    11
       Leather armour    |    31 |       |       |       |       |       |       |       |       ||    31
       Scale mail        |       |    80 |    50 |       |       |       |   145 |   102 |       ||   377
       Chain mail        |       |       |    87 |       |       |       |       |       |       ||    87
       Plate armour      |       |       |     9 |   655 |   578 |   448 |   670 |  1048 |  1242 ||  4650
Dodge: Dodged            |    81 |    50 |    95 |   228 |   277 |   198 |   546 |   646 |   813 ||  2934
       Repelled          |       |       |       |     2 |     4 |    42 |    11 |    20 |    42 ||   121
Block: Other             |       |       |     8 |   115 |       |       |       |       |       ||   123
       Buckler           |       |       |       |   163 |   601 |   513 |       |       |       ||  1277
       Kite shield       |       |       |       |       |       |   950 |  1469 |  2296 |  2555 ||  7270

Table legend: (Time is in decaauts)
 A = Elapsed time spent in this place.
 B = Non-inter-level travel time spent in this place.
 C = Inter-level travel time spent in this place.
 D = Time resting spent in this place.
 E = Time spent auto-exploring this place.
 F = Levels seen in this place.
 G = Mean time per level.
                   A        B        C        D        E       F      G
               +--------+--------+--------+--------+--------+-----+--------+
         Total |  57209 |  52835 |   4374 |   4231 |  33704 |  45 | 1271.3 |
       Dungeon |  21593 |  19750 |   1843 |   2405 |  13815 |  15 | 1439.5 |
        Temple |      1 |      1 |      0 |      0 |      0 |   1 |    1.0 |
          Lair |   6590 |   6121 |    469 |    289 |   5016 |   5 | 1318.0 |
        Shoals |   3726 |   3560 |    166 |    235 |   2169 |   4 |  931.5 |
     Snake Pit |   5407 |   5033 |    374 |    429 |   2856 |   4 | 1351.8 |
  Orcish Mines |   2006 |   1863 |    143 |    179 |   1277 |   2 | 1003.0 |
        Vaults |   6924 |   6425 |    499 |    103 |   4387 |   5 | 1384.8 |
        Depths |   4779 |   4261 |    518 |    185 |   1917 |   4 | 1194.8 |
           Zot |   6179 |   5821 |    358 |    405 |   2266 |   5 | 1235.8 |
               +--------+--------+--------+--------+--------+-----+--------+

Top non-repeatable levels by time:
    D:15: 2559 daAuts
     D:7: 2059 daAuts
Vaults:1: 1832 daAuts
 Snake:4: 1794 daAuts
  Lair:5: 1704 daAuts
    D:11: 1651 daAuts
  Lair:2: 1624 daAuts
     D:9: 1623 daAuts
Depths:3: 1585 daAuts
    D:12: 1577 daAuts
    D:14: 1566 daAuts
   Zot:2: 1481 daAuts
Depths:2: 1419 daAuts
     D:4: 1416 daAuts
   Zot:3: 1395 daAuts
